Cogmind - Beta 10.2 @@@ ROGUE MODE // 2021.01.04 @ 14:07:05 Player: Cracklepappy Result: Destroyed by D-53 Grenadier with Mini Grenade Launcher Performance ------------- Evolutions (0) 0 Regions Visited (2) 400 Robots Destroyed (30) 150 Value Destroyed (640) 640 Prototype IDs (0) 0 Alien Tech Used (0) 0 Bonus (24) 24 TOTAL SCORE: 1214 Bonus ------- High Alert Combat Kills 24 Cogmind --------- Core Integrity 0/250 Matter 238/300 Energy 113/125 System Corruption 2% Temperature Cool (0) Movement Core (400) Ox7 Location -10/Mines Parts ------- > --- POWER (1) -------- Light Ion Engine > --- PROPULSION (2) --- (None) > --- UTILITY (2) ------ Medium Storage Unit Medium Storage Unit > --- WEAPON (2) ------- Assault Rifle Assault Rifle > --- INVENTORY (12) --- Ion Engine Light Ion Engine Wheel Core Shielding Core Shielding Light Armor Plating Light Armor Plating Small Laser Grenade Launcher Grenade Launcher Datajack Mining Laser Peak State ------------ > --- POWER ------------ Light Nuclear Core > --- PROPULSION ------- Light Treads Wheel > --- UTILITY ---------- Small Storage Unit Medium Storage Unit > --- WEAPON ----------- Assault Rifle Assault Rifle > --- INVENTORY -------- Light Ion Engine Light Treads Compact Wheel Core Shielding Core Shielding Assault Rifle Assault Rifle Grenade Launcher Grenade Launcher Mining Laser [Rating: 10] Favorites ----------- Power Light Ion Engine Engine Light Ion Engine Power Core Light Nuclear Core Propulsion Light Treads Treads Light Treads Wheel Compact Wheel Utility Medium Storage Unit Storage Medium Storage Unit Weapon Assault Rifle Ballistic Gun Assault Rifle Launcher Grenade Launcher Build | -11 -10 -10 ------- Run | Scr Mat Min Slots Evolved . | . . . Power . | . . . Propulsion . | . . . Utility . | . . . Weapon . | . . . Parts Attached 26 | 8 12 6 Power 3 | 1 2 . Engine 2 | 1 1 . Core 1 | . 1 . Reactor . | . . . Propulsion 5 | 3 2 . Treads 3 | 2 1 . Leg . | . . . Wheel 2 | 1 1 . Hover . | . . . Flight . | . . . Utility 4 | 2 2 . Device . | . . . Storage 4 | 2 2 . Processor . | . . . Hackware . | . . . Protection . | . . . Artifact . | . . . Weapon 14 | 2 6 6 Energy Gun . | . . . Energy Cannon . | . . . Ballistic Gun 9 | 2 3 4 Ballistic Cannon . | . . . Launcher 5 | . 3 2 Special Weapon . | . . . Impact Weapon . | . . . Slashing Weapon . | . . . Piercing Weapon . | . . . Special Melee Weapon . | . . . Unidentified Prototypes . | . . . Parts Lost 6 | . 2 4 Power . | . . . Propulsion 4 | . 2 2 Utility . | . . . Weapon 2 | . . 2 Highest Loss Streak 2 | . 1 2 Average Slot Usage (%) 100 | . 100 100 Engine 12 | . 11 14 Core 1 | . 2 . Treads 14 | . 14 14 Wheel 14 | . 14 14 Storage 28 | . 28 28 Ballistic Gun 26 | . 27 24 Launcher 1 | . . 3 Naked Turns . | . . . Heaviest Build 25 | 17 23 25 Greatest Support 40 | 40 16 16 Greatest Overweight (x) 2 | 1 2 1 Average Overweight (x) 1 | . 1 1 Largest Inventory Capacity 12 | 8 12 12 Average Capacity 10 | 6 10 12 Most Carried 12 | 8 12 12 Average Carried 9 | 4 9 11 Final Capacity 12 | 8 12 12 Final Carried 12 | 8 12 12 Class Distribution -------------------- 100% | Mutant Dominant Class ---------------- Mutant | -10/Materials Mutant | -10/Mines Resources | -11 -10 -10 ----------- Run | Scr Mat Min Matter Collected 940 | 271 603 66 Remotely . | . . . Salvage Created 1073 | 150 838 85 Parts 67 | 14 49 4 Haulers Intercepted 2 | . 2 . Recyclers Shooed . | . . . Parts Field Recycled . | . . . Retrieved Matter . | . . . Parts Self-Destructed . | . . . Prevented . | . . . Kills | -11 -10 -10 ------- Run | Scr Mat Min Combat Hostiles Destroyed 22 | . 19 3 Guns 18 | . 16 2 AOE 4 | . 3 1 Classes Destroyed 7 | 2 4 1 Worker 1 | . 1 . Tunneler 3 | 3 . . Hauler 2 | . 2 . Recycler 3 | 1 2 . Swarmer 6 | . 6 . Grunt 15 | . 13 2 Assembled 1 | . . 1 Best Kill Streak 4 | 4 4 1 Combat Bots Only 3 | . 3 1 Max Kills in Single Turn 2 | 1 2 1 Gunslinging 1 | . 1 . Exploded 2 | . 2 1 Melee . | . . . Uniques/NPCs Destroyed . | . . . Combat | -11 -10 -10 -------- Run | Scr Mat Min Damage Taken 1024 | . 587 437 Core 250 | . 87 163 Absorbed by Shields . | . . . Core Remaining (%) 100 | 100 . . Volleys Fired 88 | 8 68 12 Largest 2 | 2 2 2 Hottest 60 | 40 60 50 Shots Fired 175 | 16 136 23 Gun 169 | 16 132 21 Cannon . | . . . Launcher 6 | . 4 2 Special . | . . . Kinetic 169 | 16 132 21 Thermal . | . . . Explosive 6 | . 4 2 Electromagnetic . | . . . Robot Hit Streak 13 | 4 13 8 Robot Miss Streak 3 | 3 3 1 Penetration Max . | . . . Secondary Targets 2 | . 2 . Max Gunslinging Chain 1 | . 1 . Shots Hit Robots 112 | 9 86 17 Core Hits 55 | 5 42 8 Critical Hits . | . . . Critical Kills . | . . . Critical Parts Destroyed . | . . . Melee Attacks . | . . . Impact . | . . . Slashing . | . . . Piercing . | . . . Sneak Attacks . | . . . Combat Hostiles . | . . . Follow-up Attacks . | . . . Damage Inflicted 1678 | 117 1304 257 Guns 1407 | 117 1116 174 Cannons . | . . . Explosions 271 | . 188 83 Melee . | . . . Ramming . | . . . Kinetic 1407 | 117 1116 174 Thermal . | . . . Explosive 271 | . 188 83 Electromagnetic . | . . . Impact . | . . . Slashing . | . . . Piercing . | . . . Highest Corruption 2 | . 2 2 Average Corruption 2 | . 2 2 Corruption Purged . | . . . Effects 10 | . 7 3 Message Errors 6 | . 4 2 Heat Flow Errors 2 | . 2 . Data Loss (minor) 2 | . 1 1 Overload Shots . | . . . Overflow Damage 23 | . 23 . Projectiles . | . . . Explosions 23 | . 23 . Melee . | . . . Knockbacks . | . . . Impact . | . . . Kinetic . | . . . Secondary . | . . . Self-Inflicted Damage 96 | . 23 73 Shots 3 | . 1 2 Rammed . | . . . Targets Rammed . | . . . Kicked . | . . . Crushed . | . . . Highest Temperature 263 | . 263 2 Average Temperature 40 | . 46 2 Received Heat Transfer 390 | . 282 108 Siege Activations . | . . . Robots Corrupted . | . . . Combat Hostiles . | . . . Parts Fried . | . . . Impact Corruptions . | . . . Robots Melted . | . . . Combat Hostiles . | . . . Parts Melted . | . . . Heat Transferred . | . . . Parts Sabotaged . | . . . Parts Stolen . | . . . Parts Stripped . | . . . Power Chain Reactions . | . . . Missiles Intercepted . | . . . Alert | -11 -10 -10 ------- Run | Scr Mat Min Peak Influence 489 | 20 489 154 Initial 109 | . 13 109 Average 229 | 7 299 110 Maximum Alert Level 2 | . 2 . Low Security (%) 50 | 100 26 100 Level 1 38 | . 56 . Level 2 11 | . 17 . Level 3 . | . . . Level 4 . | . . . Level 5 . | . . . High Security . | . . . Max Security . | . . . Squads Dispatched 4 | . 4 . Investigation 3 | . 3 . Extermination . | . . . Reinforcement 1 | . 1 . Assault . | . . . Garrison . | . . . Intercept . | . . . Construction Impeded . | . . . Haulers Reinforced . | . . . Stealth | -11 -10 -10 --------- Run | Scr Mat Min Distress Signals . | . . . Communications Jammed . | . . . Distress Signals . | . . . Times Spotted 41 | . 35 6 Peak Tracking Total 5 | . 5 2 Tactical Retreats 4 | . 3 1 Traps | -11 -10 -10 ------- Run | Scr Mat Min Traps Triggered 1 | . 1 . Indirectly . | . . . Trap Hack Attempts . | . . . Triggered . | . . . Disarmed . | . . . Reprogrammed . | . . . Reused . | . . . Traps Extracted . | . . . Installed . | . . . Triggered . | . . . Machines | -11 -10 -10 ---------- Run | Scr Mat Min Machines Disabled . | . . . Max in Single Turn . | . . . Machines Sabotaged . | . . . Garrisons Compromised . | . . . Overloaded Fab Kills . | . . . Fab Network Shutdowns . | . . . Hacking | -11 -10 -10 --------- Run | Scr Mat Min Machines Accessed 9 | . 9 . Terminals 7 | . 7 . Fabricators . | . . . Repair Stations . | . . . Recycling Units 2 | . 2 . Scanalyzers . | . . . Garrison Access . | . . . Total Hacks 22 | . 22 . Successful 10 | . 10 . Failed 12 | . 12 . Catastrophic 2 | . 2 . Database Lockouts . | . . . Manual 18 | . 18 . Terminals 20 | . 20 . Fabricators . | . . . Repair Stations . | . . . Recycling Units 2 | . 2 . Scanalyzers . | . . . Garrison Access . | . . . Terminal Hacks 4 | . 4 . Part Schematic 3 | . 3 . Hauler Manifests 1 | . 1 . Fabricator Hacks . | . . . Repair Station Hacks . | . . . Recycling Unit Hacks . | . . . Scanalyzer . | . . . Garrison Access Hacks . | . . . Unauthorized Hacks 6 | . 6 . Terminals 4 | . 4 . Track 3 | . 3 . Assimilate 1 | . 1 . Fabricators . | . . . Repair Stations . | . . . Recycling Units 2 | . 2 . Tunnel 2 | . 2 . Scanalyzers . | . . . Garrison Access . | . . . Data Cores Recovered . | . . . Used . | . . . Hacking Detections 7 | . 7 . Full Trace Events . | . . . Feedback Events . | . . . Feedback Blocked . | . . . Robot Schematics Acquired . | . . . Robots Built . | . . . Matter . | . . . Time . | . . . Total Robot Build Rating . | . . . Part Schematics Acquired 2 | . 2 . Parts Built . | . . . Matter . | . . . Time . | . . . Total Part Build Rating . | . . . Parts Repaired . | . . . Time . | . . . Parts Recycled . | . . . Recycled Matter . | . . . Retrieved Matter . | . . . Retrieved Components . | . . . Parts Scanalyzed . | . . . Part Schematics Acquired . | . . . Parts Damaged . | . . . Bothacking | -11 -10 -10 ------------ Run | Scr Mat Min Used RIF Installer . | . . . Robots Hacked . | . . . Non-combat . | . . . Combat . | . . . Robot Hacks Applied . | . . . Relay Couplers Released . | . . . Robots Rewired . | . . . Allies Hacked . | . . . Hacks Repelled . | . . . Allies | -11 -10 -10 -------- Run | Scr Mat Min Total Allies 1 | . 1 . Largest Group 1 | . 1 . Highest-Rated Group 10 | . 10 . Highest-Rated Ally 10 | . 10 . Total Orders . | . . . Ally Attacks . | . . . Total Damage . | . . . Kills . | . . . Allies Corrupted 1 | . 1 . Allies Melted . | . . . Intel | -11 -10 -10 ------- Run | Scr Mat Min Robot Analysis Total . | . . . Derelict Logs Recovered 1 | . . 1 Drone Launches . | . . . Drone Recoveries . | . . . Exploration | -11 -10 -10 ------------- Run | Scr Mat Min Turns Passed 1923 | 167 1300 456 Spaces Moved 1294 | 79 905 310 Core 4 | 4 . . Treads 73 | 73 . . Legs . | . . . Wheels 1217 | 2 905 310 Hover . | . . . Flight . | . . . Fastest Speed 50 | 50 90 110 Average Speed 109 | 152 105 110 Slowest Speed 160 | 160 110 110 Overloaded Moves . | . . . Propulsion Burnouts . | . . . Robots Hopped . | . . . Cave-ins Triggered . | . . . Exploration Rate (%) 55 | 4 95 66 Regions Visited 2 Branch Regions 1 Pre-discovered Areas 2 | . 2 . Known Exits Taken . | . . . Unknown Exits Taken 2 | 1 1 . Scrap Searched . | . . . Spaces Dug . | . . . Terrain Destroyed 40 | . 29 11 Melee . | . . . Projectile . | . . . AOE 40 | . 29 11 Terrain Rammed . | . . . Walls Destroyed . | . . . Machines Disabled . | . . . Actions | -11 -10 -10 --------- Run | Scr Mat Min Total 1619 | 106 1112 401 Wait 181 | . 110 71 Move 1292 | 78 904 310 Hop . | . . . Pick Up 22 | 10 10 2 Fast Attach 9 | 7 2 . Attach 4 | . 2 2 Detach . | . . . Swap 13 | 1 8 4 Drop 10 | 2 8 . Fire 88 | 8 68 12 Melee . | . . . Ram . | . . . Kick . | . . . Crush . | . . . Escape Stasis . | . . . Rewire . | . . . Trap . | . . . Miscellaneous . | . . . Route ------- -11/Scrapyard -10/Materials (discovered 3 exits: [*Mat x2] / [*Min]) -10/Mines History --------- Turn | Location | Event 11 | -11/Scrapyard | Discovered new exit (range 13) 168 | -11/Scrapyard | Entered Materials 304 | -10/Materials | Build established: Mutant 361 | -10/Materials | Discovered new exit (range 8) 517 | -10/Materials | Discovered new exit (range 10) 1118 | -10/Materials | Discovered new exit (range 6) 1468 | -10/Materials | Entered Mines 1503 | -10/Mines | Deemed a non-threat by the Exiles lab entrance 1609 | -10/Mines | Found a hidden stash of uninstalled traps 1679 | -10/Mines | Learned location of 1 exit from Materials 1723 | -10/Mines | Core integrity fell below 50% 1796 | -10/Mines | Assembled infested the area 1923 | -10/Mines | Core integrity fell below 20% 1924 | -10/Mines | Destroyed by D-53 Grenadier with Mini Grenade Launcher Last Messages --------------- 01524_ HZI8MTH O#IE1ULCN1ZV%OADGQKYINFK 01609_ A stash of uninstalled traps is collected here! 01642_ K-01 Serf collects debris. 01668_ T6X&0 SG85,I,N7< &/FVZIEJ XIJ>HYS>C 01679_ Acquired derelict log, extracted data. Data stored: Materials exits (x1). 01690_ Assault Rifle destroyed. 01702_ G-47 Trooper destroyed. 01705_ Acquired 41 matter. 01726_ Assault Rifle destroyed. 01733_ G-34 Mercenary destroyed. 01737_ Acquired 25 matter. 01739_ Acquired Ion Engine. 01741_ Acquired Sml. Laser. 01796_ ALERT: Infestation in the mines, dispatching Demolisher response squad. 01860_ as-29965 destroyed. 01864_ System corrupted: Component data lost. 01920_ Com. Wheel destroyed. 01922_ Lgt. Treads destroyed. Map ----- +----------------------------------------------------+ | | | | | | | | | | | | | | | | | | | | | | | ?????????????????????????????????????????????????? | | ?????????????????????????????????????????????????? | | ??????????####???????????????????????????????????? | | ???####??## ##??????????????????????????????????? | | ??## #### #####??????????????????????????????? | | ??# ## ##?????????????????????????????? | | ??# """" ##????????????????????????????? | | ??## """" #????????????????????????????? | | ???# """" #????????????????????????????? | | #### r ##???####??????####??????????? | | ## ##### ######## ##?????????? | | #### #### # # #?????????? | | #??###### ##??## ##????????? | | #???????#####????### ### #???? | | #??????????????????# @ d #???? | | #??????????????????## d #???? | | #??????????????????# ####% ####???? | | #??????????????????## ####??## #?????? | | #???????????????????## ### ##??????## ???? | | #????????????????????##???##?????????# #??? | | #?????????????????????????????????????# #??? | | ###########???????????????????????????? ###??? | | %= #???????????????????????????? ##????? | | ########## #???????????#????????????????? ##?????? | | ?????????# #????????? #????????????????? #??????? | | ?????????#%#??????? #???????????????????#??????? | | ?????????#!###### #????????????????????????????? | | ?????????# #?????????????????????????????? | | ?????##### ###### #?????????????????????????????? | | ?????# #??????? #????????????????????????????? | | ?????# #####?????? ##??????????????????????????? | | ?????# #?????????? #??????????????????????????? | | ?????# #?????????? ???????????????????????????? | | ?????# #????????? #???????????????????????????? | | ?????# #????????? ##??????????????????????????? | | ?????# #????????? ### ??????????????????????? | | ?????# ###??????# ??????????????????????? | | ????## ####??# ??????????????????????? | | ???## ### ??????????????????????? | +----------------------------------------------------+ Best States ------------- Heat Dissipation 25 Energy Generation 14 Energy Capacity 250 Matter Stores 300 Matter Capacity 300 Sight Range 16 Terrain Scan Density 10 Evasion (%) 42 Recoil Reduction 2 Item Schematics ----------------- Hcp. Storage Unit | -10/Materials | Hacked Med. Storage Unit | -10/Materials | Hacked Robot Schematics ------------------ None Fabricated ------------ Nothing Alien Tech Used ----------------- None Achievements -------------- None Challenges ------------ None Game ------ Seed WeightBurstProtection Manual? 0 Play Time 00:13:23 Cumulative 279.0 hours Start 2021.01.04 @ 13:53:56 End 2021.01.04 @ 14:07:05 Sessions 1 Manual Loads 0 Difficulty Rogue Special Mode None Game No. 282 Rogue 282 Adventurer 0 Explorer 0 Win Type - Total 4 Types 4/0/0/0/0/0/0/0/0 Lore% 64 Gallery% 79 Achievement% 61 Wizard Run 0 Options --------- ASCII 0 Keyboard 0 Movement Numpad Keybinds 0 Fullscreen 2 Font 24/Terminus Map View 76x50 Tactical HUD 1 Map Filters NONE Filters NONE Steam 1 RUN: 4fda1fb1-e34b-47b0-82bc-569613d6064d